 Dungeon Crawl Stone Soup version 0.18.1-48-g4cf74bf (webtiles) character file.

197 Alarkh the Shooter (level 5, -6/38 HPs)
             Began as a Mummy Hunter on Aug 9, 2016.
             Killed from afar by an orc wizard (12 damage)
             ... with a puff of flame
             ... on level 2 of the Dungeon.
             The game lasted 00:03:12 (1866 turns).

Alarkh the Shooter (Mummy Hunter)                   Turns: 1866, Time: 00:03:12

Health: -6/38      AC:  3    Str: 14    XL:     5   Next: 46%
Magic:  5/5        EV: 15    Int: 11    God:
Gold:   58         SH:  0    Dex: 12    Spells: 0 memorised, 4 levels left

rFire  x . .     SeeInvis .     a - +1 shortbow
rCold  + . .     Gourm    .     c - +0 leather armour
rNeg   + + +     Faith    .     (shield currently unavailable)
rPois  ∞         Spirit   .     (no helmet)
rElec  .         Dismiss  .     (no cloak)
rCorr  .         Reflect  .     (no gloves)
SustAt .         Harm     .     (no boots)
MR     .....                    (no amulet)
Stlth  +.........               g - -2 ring of strength (curse)
                                f - +4 ring of evasion

@: not resistant to hostile enchantments, very unstealthy
A: no food or potions, fire vulnerability, cold resistance 1, negative energy
resistance 3, torment resistance, unbreathing
a: no special abilities


You were on level 2 of the Dungeon.
You were not hungry.

You visited 1 branch of the dungeon, and saw 3 of its levels.

You collected 58 gold pieces.

Inventory:

Hand Weapons
 a - a +1 shortbow (weapon)
 b - a +0 short sword
Missiles
 d - 23 arrows (quivered)
Armour
 c - a +0 leather armour (worn)
Jewellery
 f - a +4 ring of evasion (left hand)
 g - a cursed -2 ring of strength (right hand)
Wands
 h - a wand of flame (17/48)
Scrolls
 e - 2 scrolls of identify {unknown}
 i - a scroll of magic mapping {unknown}
 j - a scroll of recharging {unknown}


   Skills:
 - Level 2.0 Fighting
 + Level 5.6 Bows
 - Level 1.5 Dodging
 - Level 0.7 Stealth


You had 4 spell levels left.
You didn't know any spells.

Dungeon Overview and Level Annotations

Branches:
Dungeon (3/15)

Altars:
Ru

Annotations:
D:3 PsychoReaper's ghost, amateur DsAK


Innate Abilities, Weirdness & Mutations

You do not eat or drink.
Your flesh is vulnerable to fire.
You are immune to poison.
Your flesh is cold resistant.
You are immune to negative energy.
You are immune to unholy pain and torment.
You can survive without breathing.


Message History

Something tries to affect you, but you resist.
You hear some strange, mumbled words.
Something tries to affect you, but you resist.
A magic dart appears from out of thin air!
The magic dart hits you!
A goblin comes into view. It is wielding a club.
The goblin shouts!
The goblin barely misses you.
Firing (i - inventory):
d - 24 arrows (quivered)
Press: ? - help, Shift-Dir - straight line, f - goblin
Aim: a goblin, wielding a club You shoot an arrow.
The arrow hits the goblin!
You kill the goblin!
Things that are here:
a club; a goblin corpse An orc wizard appears from thin air!
Reactivating autopickup.
The orc wizard points at you and mumbles some strange words.
The puff of flame hits you! The fire burns you terribly!
You die...

#.{#..#..##########
#>.##.#..##........
#(.##.#..##.......#
#........##........
#####.#####........
#.# #.......#
####o#####.......#
#.......##...†...[
#@##.##.##########
#.##.##.# #.#..##.#
#.#.###.# #.#.###.#
#......<##########
##................
#...#############
#####


You could see an orc wizard.

Vanquished Creatures
  Natasha (thrice) (D:2)
  4 adders
  2 oozes (D:1)
  3 dart slugs
  3 worms (D:2)
  2 giant geckos
  3 giant cockroaches
  13 goblins
  4 hobgoblins (D:2)
  6 kobolds
  4 quokkas (D:2)
  A ball python (D:2)
  7 bats
  A giant gecko zombie (D:3)
  6 giant newts
  4 rats
66 creatures vanquished.

Notes
Turn   | Place    | Note
--------------------------------------------------------------
     0 | D:1      | Alarkh the Mummy Hunter began the quest for the Orb.
     0 | D:1      | Reached XP level 1. HP: 16/16 MP: 1/1
   120 | D:1      | Reached XP level 2. HP: 22/22 MP: 2/2
   203 | D:1      | Reached skill level 4 in Bows
   428 | D:1      | Reached XP level 3. HP: 27/27 MP: 3/3
   816 | D:2      | Found a sacrificial altar of Ru.
   901 | D:2      | Noticed Natasha
   916 | D:2      | Killed Natasha
   916 | D:2      | Reached XP level 4. HP: 6/33 MP: 4/4
  1070 | D:2      | Noticed Natasha
  1075 | D:2      | Killed Natasha
  1075 | D:2      | Reached skill level 5 in Bows
  1237 | D:2      | Reached XP level 5. HP: 38/38 MP: 5/5
  1398 | D:2      | Noticed Natasha
  1406 | D:2      | Killed Natasha
  1828 | D:3      | Noticed PsychoReaper's ghost (amateur DsAK)
  1866 | D:2      | Killed from afar by an orc wizard

Skill      XL: |  1  2  3  4 |
---------------+-------------+-----
Bows           | 4 5 |  5.6
Fighting       | |  2.0
Dodging        | |  1.5
Stealth        | |  0.7

Action                   |  1- 3 |  4- 6 || total
-------------------------+-------+-------++-------
Melee: Shortbow          |       |     1 ||     1
 Fire: Shortbow          |   114 |   108 ||   222
Armor: Leather armour    |     5 |    11 ||    16
Dodge: Dodged            |    29 |    29 ||    58
